 Dungeon Crawl Stone Soup version 0.31-a0-986-g5e6e4ef867 (webtiles) character file.

Game seed: 16046747454064988808

642 Persephone the Cleaver (level 7, -3/57 HPs)
             Began as a Minotaur Monk on Nov 13, 2023.
             Slain by a water moccasin zombie (4 damage)
             ... in an ossuary.
             The game lasted 00:04:02 (3489 turns).

Persephone the Cleaver (Minotaur Monk)              Turns: 3489, Time: 00:04:04

Health: -3/57      AC:  3    Str: 18    XL:     7   Next: 26%
Magic:  6/6        EV: 12    Int:  7    God:
Gold:   258        SH:  0    Dex: 12    Spells: 6/6 levels left

rFire   . . .        j - +0 war axe
rCold   . . .        d - orb {light}
rNeg    . . .        b - +0 robe
rPois   .            (helmet restricted)
rElec   .            i - +0 cloak
rCorr   .            (no gloves)
SInv    .            (no boots)
Will    .....        (no amulet)
Stlth   +            (no ring)
HPRegen 0.29/turn    (no ring)
MPRegen 0.10/turn

%: no passive effects
@: glowing, very slow
A: horns 2, retaliatory headbutt
a: no special abilities


You were in an ossuary.
You visited 1 branch of the dungeon, and saw 4 of its levels.
You also visited: Ossuary.

You collected 258 gold pieces.

Inventory:

Hand Weapons
 j - a +0 war axe (weapon)
Armour
 b - a +0 robe (worn)
 d - an orb of light (worn)
 i - a +0 cloak (worn)
Jewellery
 h - a ring of magical power
Wands
 q - a wand of charming (5)
Scrolls
 a - 2 scrolls of enchant weapon {unknown}
 e - 5 scrolls of identify {unknown}
 f - 3 scrolls of teleportation {unknown}
 k - a scroll of noise {unknown}
 r - a scroll of amnesia {unknown}
 s - a scroll of silence {unknown}
Potions
 g - a potion of curing {unknown}
 l - a potion of haste {unknown}
 m - a potion of berserk rage {unknown}
 n - 2 potions of might {unknown}
 o - a potion of attraction {unknown}
 p - a potion of mutation {unknown}
 t - a potion of lignification {unknown}


   Skills:
 - Level 3.6 Fighting
 + Level 10.2 Axes
 - Level 3.2 Dodging


You had 6 spell levels left.
You didn't know any spells.
Your spell library contained the following spells:

 Spells                   Type           Power      Damage    Failure   Level
 Freeze                   Ice            0%         1d3       43%         1
 Slow                     Hex            0%         N/A       43%         1
 Confusing Touch          Hex            0%         N/A       80%         3
 Frozen Ramparts          Ice            0%         1d1       80%         3
 Hailstorm                Conj/Ice       0%         3d3       80%         3
 Sigil of Binding         Hex            0%         N/A       80%         3
 Vampiric Draining        Necr           0%         2d6       80%         3


Dungeon Overview and Level Annotations

Branches:
Dungeon (4/15)            Ossuary (1/1)
 Temple: D:4-7

Altars:

Shops:
D:3 [:


Innate Abilities, Weirdness & Mutations

You have a pair of horns on your head.
You reflexively headbutt those who attack you in melee.


Message History

The centaur zombie attacks as it pursues you!
The centaur zombie completely misses you.
The centaur zombie kicks you. The centaur zombie hits you.
The centaur zombie kicks you.
The water moccasin zombie bites you but does no damage.
Your unstable footing causes you to fumble your attack.
The centaur zombie closely misses you. The centaur zombie barely misses you.
The water moccasin zombie barely misses you.
The centaur zombie hits you. The centaur zombie misses you.
You slash the centaur zombie!
You destroy the centaur zombie!
You hit the water moccasin zombie. The water moccasin zombie bites you. x2
Your Axes skill increases to level 10!
You slash the bullfrog zombie! You headbutt the bullfrog zombie!
The bullfrog zombie is heavily damaged.
You barely miss the water moccasin zombie.
The bullfrog zombie hits you. The water moccasin zombie bites you!
* * * LOW HITPOINT WARNING * * *
The bullfrog zombie misses you.
You hit the bullfrog zombie but do no damage.
The bullfrog zombie is heavily damaged.
You hit the water moccasin zombie. The water moccasin zombie bites you!
* * * LOW HITPOINT WARNING * * *
The bullfrog zombie barely misses you.
You slash the bullfrog zombie! You headbutt the bullfrog zombie.
You destroy the bullfrog zombie!
You slash the water moccasin zombie! The water moccasin zombie bites you.
* * * LOW HITPOINT WARNING * * *
Your unstable footing causes you to fumble your attack.
The water moccasin zombie barely misses you.
You furiously retaliate!
You headbutt the water moccasin zombie.
You barely miss the water moccasin zombie.
You headbutt the water moccasin zombie.
The water moccasin zombie is severely damaged.
The water moccasin zombie bites you.
* * * LOW HITPOINT WARNING * * *
Your unstable footing causes you to fumble your attack.
The water moccasin zombie bites you but does no damage.
The water moccasin zombie bites you.
You die...

~# # ~' ≈#≈ #####
#####~###≈≈ #..∩#
#!!?#~..≈#
#.∩.###??!#~~~~# +
#...#.#!?!#~~.###
#.##'##'##'##~~~~≈#
+.........@~.~.P~≈#
#+#+#'#'#'#Z~~#~~≈#
#.#.#.#.#.~# ≈≈≈
############ #


You could see a water moccasin zombie.

Vanquished Creatures
  A wyvern zombie (Ossuary)
  A water moccasin zombie (Ossuary)
  5 bullfrog zombies (Ossuary)
  3 centaur zombies (Ossuary)
  A hound (D:4)
  An iguana (D:4)
  A killer bee zombie (Ossuary)
  4 mummies
  6 adders
  A worm (D:3)
  2 dart slugs (D:1)
  4 orcs (D:4)
  6 ball pythons
  2 bats
  6 endoplasms
  2 giant cockroaches
  5 goblins
  5 hobgoblins
  4 jackals (D:2)
  6 kobolds
  2 quokkas
  2 frilled lizards
  4 rats
74 creatures vanquished.

Notes
Turn   | Place    | Note
-------+----------+-------------------------------------------
     0 | D:1      | Persephone the Minotaur Monk began the quest for the Orb.
     0 | D:1      | Reached XP level 1. HP: 19/19 MP: 0/0
    47 | D:1      | Reached skill level 4 in Axes
   120 | D:1      | Reached XP level 2. HP: 20/26 MP: 1/1
   784 | D:1      | Reached skill level 5 in Axes
  1096 | D:2      | Reached XP level 3. HP: 31/31 MP: 2/2
  1417 | D:2      | Reached XP level 4. HP: 37/39 MP: 3/3
  1463 | D:2      | Reached skill level 6 in Axes
  1865 | D:3      | Found Eptemal's Antique Armour Shop.
  2347 | D:3      | Found Miunkoets's Vocational Training.
  2647 | D:3      | Found a faded altar of an unknown god.
  3120 | D:4      | Reached skill level 7 in Axes
  3120 | D:4      | Reached XP level 5. HP: 35/45 MP: 4/4
  3223 | D:4      | Found a sand-covered staircase.
  3232 | Ossuary  | Entered an ossuary
  3294 | Ossuary  | Reached skill level 8 in Axes
  3300 | Ossuary  | Reached XP level 6. HP: 26/51 MP: 5/5
  3414 | Ossuary  | Reached skill level 9 in Axes
  3472 | Ossuary  | Reached XP level 7. HP: 16/57 MP: 6/6
  3484 | Ossuary  | Reached skill level 10 in Axes
  3488 | Ossuary  | HP: 1/57 [water moccasin zombie (6)]
  3489 | Ossuary  | Slain by a water moccasin zombie

Illustrated notes

Levels and vault maps discovered:
D:1:      reono_arrival_forest_river, layout_basic, minmay_misc_feat_nine_boxes,
          glass_columns_b, minmay_crystal_water, minmay_shallow_snake_nest
D:2:      layout_loops_ring, nicolae_figureground_pulse
D:3:      layout_basic, ebering_ecumenical_altar_box, serial_shops, shop,
          dreamdust_princess_corridor, nicolae_shop_vocational
D:4:      layout_layer_cave, mainiacjoe_overflow_divided_tiny,
          gup_ossuary_entry_pyramid
Ossuary:  ossuary_zaba_flooded

Skill      XL: |  1  2  3  4  5  6  7 |
---------------+----------------------+-----
Axes           | 4 5 7 8 9 10 | 10.2
Fighting       | |  3.6
Dodging        | |  3.2

Action                     |  1- 3 |  4- 6 |  7- 9 || total
---------------------------+-------+-------+-------++-------
  Melee: Hand axe          |    40 |       |       ||    40
         Headbutt          |     9 |    18 |     3 ||    30
         War axe           |    19 |    89 |    14 ||   122
    Use: Potion            |       |       |     1 ||     1
 Armour: Robe              |    40 |    58 |    23 ||   121
  Dodge: Dodged            |    31 |    62 |    23 ||   116

Table legend: (Time is in decaauts)
 A = Elapsed time spent in this place.
 B = Non-inter-level travel time spent in this place.
 C = Inter-level travel time spent in this place.
 D = Time resting spent in this place.
 E = Time spent auto-exploring this place.
 F = Levels seen in this place.
 G = Mean time per level.
                   A        B        C        D        E       F      G
               +--------+--------+--------+--------+--------+-----+--------+
         Total |   3522 |   3347 |    175 |      0 |   2865 |   5 |  704.4 |
       Dungeon |   3252 |   3077 |    175 |      0 |   2701 |   4 |  813.0 |
       Ossuary |    270 |    270 |      0 |      0 |    164 |   1 |  270.0 |
               +--------+--------+--------+--------+--------+-----+--------+

Top non-repeatable levels by time:
     D:1: 1058 daAuts
     D:3: 939 daAuts
     D:2: 780 daAuts
     D:4: 474 daAuts
 Ossuary: 270 daAuts
